 Dungeon Crawl Stone Soup version 0.21.1-1-g345015f (webtiles) character file.

1908 olivier the Twirler (level 9, 0/55 HPs)
             Began as a Gargoyle Fighter on June 28, 2018.
             Slain by olivier's ghost (1 damage)
             ... on level 6 of the Dungeon.
             The game lasted 00:19:36 (5838 turns).

olivier the Twirler (Gargoyle Fighter)              Turns: 5838, Time: 00:19:37

Health: 0/55       AC: 21    Str: 21    XL:     9   Next: 16%
Magic:  9/9        EV:  9    Int:  8    God:
Gold:   455        SH:  0    Dex: 12    Spells: 8/8 levels left

rFire    . . .     SeeInvis .   b - +2 quarterstaff (chaos)
rCold    . . .     Gourm    .   (shield currently unavailable)
rNeg     + + .     Faith    .   C - +0 chain mail
rPois    ∞         Spirit   .   d - +1 helmet
rElec    +         Reflect  .   g - +1 cloak
rCorr    .         Harm     .   (no gloves)
MR       .....                  (no boots)
Stlth    ..........             (no amulet)
HPRegen  0.18/turn              p - ring of positive energy
MPRegen  0.11/turn              (no ring)

@: no status effects
A: negative energy resistance 1, electricity resistance, unbreathing,
petrification resistance, rot immunity, AC +6
a: no special abilities


You were on level 6 of the Dungeon.
You were not hungry.

You visited 1 branch of the dungeon, and saw 6 of its levels.
You also visited: Ossuary.

You collected 455 gold pieces.

Inventory:

Hand Weapons
 a - a +0 war axe
 b - a +2 quarterstaff of chaos (weapon)
Armour
 c - a +0 shield
 d - a +1 helmet (worn)
 g - a +1 cloak (worn)
 C - a +0 chain mail (worn)
Jewellery
 p - a ring of positive energy (left hand)
Wands
 e - a wand of digging (9)
Scrolls
 h - a scroll of blinking {unknown}
 i - 5 scrolls of remove curse {unknown}
 j - 3 scrolls of fear {unknown}
 l - 7 scrolls of identify
 q - 2 scrolls of magic mapping {unknown}
 s - a scroll of enchant weapon {unknown}
 x - 3 scrolls of teleportation
 y - a scroll of amnesia {unknown}
Potions
 k - 7 potions of curing
 n - 2 potions of berserk rage {unknown}
 r - a potion of heal wounds {unknown}
 t - a potion of lignification {unknown}
 u - 2 potions of mutation {unknown}
 v - 4 potions of degeneration {unknown}
 w - a potion of flight {unknown}
 z - a potion of invisibility {unknown}
 A - 2 potions of might
Books
 o - a book of Minor Magic

   Spells                             Type                      Level
   a - Magic Dart                     Conjuration                  1
   b - Blink                          Translocation                2
   c - Call Imp                       Summoning                    2
   d - Slow                           Hexes                        2
   e - Conjure Flame                  Conjuration/Fire             3
   f - Mephitic Cloud                 Conjuration/Poison/Air       3
Comestibles
 f - 6 rations


   Skills:
 + Level 5.9 Fighting
 + Level 3.2 Axes
 + Level 7.7 Staves
 + Level 6.3 Armour
 + Level 2.3 Dodging
 + Level 2.0 Stealth
 + Level 3.9 Shields
 + Level 0.9 Evocations


You had 8 spell levels left.
You didn't know any spells.

Dungeon Overview and Level Annotations

Branches:
Dungeon (6/15)             Temple (0/1) D:5

Altars:
Makhleb
Qazlal
Xom

Annotations:
D:6 olivier's ghost, novice GrFi


Innate Abilities, Weirdness & Mutations

You are resistant to torment.
Your stone body is resilient. (AC +6)
You are immune to poison.
You resist negative energy. (rN+)
You are resistant to electric shocks. (rElec)
You can survive without breathing.
You are immune to petrification.
You are immune to rotting.


Message History

Olivier's ghost hits you but does no damage.
You hit olivier's ghost.
Olivier's ghost seems to slow down.
Olivier's ghost is severely damaged.
Olivier's ghost is no longer moving slowly.
Olivier's ghost hits you but does no damage.
You hit olivier's ghost.
Olivier's ghost is severely damaged.
Olivier's ghost blinks!
There is an escape hatch in the ceiling here.
You are too injured to fight recklessly!
You thump the orc!
You kill the orc!
You hit olivier's ghost. You freeze olivier's ghost.
Olivier's ghost is severely damaged.
You hit olivier's ghost but do no damage.
Olivier's ghost is severely damaged.
Olivier's ghost hits you!
* * * LOW HITPOINT WARNING * * *
Olivier's ghost burns you.
You die...

#..# ######.#
#.# #.#
####.####
#.......#
#.#..####
#.#..# #.#..#
#.#.@# #.#.W#
###....#
#......#
#......#
.....##.#
#.........#
............
.###.#.#....##


You could see olivier's ghost.

Vanquished Creatures
  A yak (D:5)
  A water moccasin (D:5)
  2 sky beasts
  An ice beast (D:5)
  A phantom (D:3)
  3 ogres
  Blork the orc (D:4)
  A water moccasin skeleton (D:4)
  A killer bee (D:5)
  A howler monkey (D:4)
  A crimson imp (D:5)
  A bullfrog zombie (D:5)
  4 orc priests
  A jelly (D:5)
  Crazy Yiuf (D:2)
  An iguana (D:5)
  Natasha (twice) (D:4)
  4 orc wizards (D:5)
  3 worker ants
  A hound zombie (D:5)
  A hound skeleton (D:5)
  8 mummies (Ossuary)
  A worker ant zombie (D:5)
  Robin (D:4)
  6 adders
  A shadow imp (D:5)
  6 worms
  A dart slug (D:2)
  5 leopard geckos
  12 orcs
  9 giant cockroaches
  A gnoll zombie (Ossuary)
  11 goblins
  7 hobgoblins
  7 jackals
  2 quokkas
  A ball python (D:4)
  9 bats
  A frilled lizard (D:4)
  6 hobgoblin zombies (Ossuary)
  A jackal skeleton (D:5)
  4 kobolds
  A kobold zombie (Ossuary)
  8 rats
142 creatures vanquished.

Notes
Turn   | Place    | Note
-------+----------+-------------------------------------------
     0 | D:1      | olivier the Gargoyle Fighter began the quest for the Orb.
     0 | D:1      | Reached XP level 1. HP: 14/14 MP: 1/1
    77 | D:1      | Reached XP level 2. HP: 18/19 MP: 2/2
   803 | D:1      | Reached XP level 3. HP: 23/23 MP: 3/3
  1037 | D:2      | Found a runed door.
  1041 | D:2      | Noticed Crazy Yiuf
  1044 | D:2      | Paralysed by Crazy Yiuf for 4 turns
  1051 | D:2      | Killed Crazy Yiuf
  1051 | D:2      | Reached XP level 4. HP: 4/29 MP: 0/4
  1788 | D:2      | Found a stormy altar of Qazlal.
  2390 | D:3      | Reached XP level 5. HP: 33/33 MP: 5/5
  2904 | D:4      | Noticed a phantom
  2910 | D:4      | Reached skill level 1 in Staves
  2924 | D:4      | Reached skill level 1 in Dodging
  2924 | D:4      | Reached XP level 6. HP: 15/38 MP: 6/6
  2946 | D:3      | Killed a phantom
  2946 | D:3      | Reached skill level 2 in Staves
  3206 | D:4      | Reached skill level 3 in Staves
  3206 | D:4      | Reached XP level 7. HP: 27/44 MP: 7/7
  3229 | D:4      | Found a sand-covered staircase.
  3313 | Ossuary  | Entered an ossuary
  3490 | Ossuary  | Reached skill level 5 in Armour
  3995 | D:4      | Reached skill level 1 in Stealth
  4045 | D:4      | Reached skill level 4 in Staves
  4378 | D:4      | Noticed Robin
  4386 | D:4      | Killed Robin
  4404 | D:4      | Reached skill level 5 in Fighting
  4491 | D:4      | Noticed Blork the orc
  4500 | D:4      | Killed Blork the orc
  4500 | D:4      | Reached XP level 8. HP: 34/49 MP: 8/8
  4511 | D:4      | Noticed Natasha
  4516 | D:4      | Killed Natasha
  4516 | D:4      | Reached skill level 5 in Staves
  4747 | D:4      | Noticed Natasha
  4755 | D:4      | Killed Natasha
  4767 | D:5      | Entered Level 5 of the Dungeon
  4767 | D:5      | Found a shimmering altar of Xom.
  4777 | D:5      | Found a staircase to the Ecumenical Temple.
  4915 | D:5      | Reached skill level 6 in Staves
  5000 | D:5      | Noticed a yak
  5182 | D:5      | Found a burning altar of Makhleb.
  5228 | D:5      | Reached skill level 7 in Staves
  5687 | D:5      | Reached XP level 9. HP: 55/55 MP: 9/9
  5813 | D:6      | Noticed olivier's ghost (novice GrFi)
  5838 | D:6      | HP: 1/55 [olivier's ghost (15)]
  5838 | D:6      | Slain by olivier's ghost

Skill      XL: |  1  2  3  4  5  6  7  8  9 |
---------------+----------------------------+-----
Axes           | 2 3 |  3.2
Armour         | 4 5 6 |  6.3
Fighting       | 4 5 |  5.9
Staves         | 1 3 4 7 |  7.7
Dodging        | 1 2 |  2.3
Stealth        | 1 2 |  2.0
Shields        | |  3.9
Evocations     | |  0.9

Action                   |  1- 3 |  4- 6 |  7- 9 || total
-------------------------+-------+-------+-------++-------
Melee: War axe           |   102 |       |       ||   102
       Quarterstaff      |       |    77 |   268 ||   345
Evoke: Wand              |       |       |     2 ||     2
  Use: Potion            |     1 |     2 |     1 ||     4
       Scroll            |       |       |     4 ||     4
 Stab: Petrified         |       |       |     3 ||     3
       Paralysed         |       |       |     3 ||     3
  Eat: Chunk             |       |     3 |     3 ||     6
       Ration            |       |     2 |     1 ||     3
Armor: Scale mail        |    28 |       |       ||    28
       Ring mail         |    16 |    66 |    25 ||   107
       Skin              |     1 |       |       ||     1
       Chain mail        |       |       |   123 ||   123
Dodge: Dodged            |    36 |    79 |   116 ||   231
Block: Shield            |    44 |       |       ||    44
